 Dungeon Crawl Stone Soup version 0.21.1-1-g345015f (webtiles) character file.

1 tidbits the Sneak (level 1, 6/13 HPs)
             Began as a Gnoll Enchanter on June 12, 2018.
             Quit the game on level 1 of the Dungeon.
             The game lasted 00:00:48 (21 turns).

tidbits the Sneak (Gnoll Enchanter)                   Turns: 21, Time: 00:00:49

Health: 6/13       AC:  2    Str: 10    XL:     1   Next: 20%
Magic:  4/6        EV: 14    Int: 17    God:
Gold:   0          SH:  0    Dex: 15    Spells: 8/9 levels left

rFire    . . .     SeeInvis .   a - +1 dagger
rCold    . . .     Gourm    .   (no shield)
rNeg     . . .     Faith    .   b - +0 robe
rPois    .         Spirit   .   (no helmet)
rElec    .         Reflect  .   (no cloak)
rCorr    .         Harm     .   (no gloves)
MR       .....                  (no boots)
Stlth    +++.......             (no amulet)
HPRegen  0.04/turn              (no ring)
MPRegen  0.10/turn              (no ring)

@: no status effects
A: distributed training, fangs 1, strong nose
a: no special abilities


You were on level 1 of the Dungeon.
You were not hungry.

You visited 1 branch of the dungeon, and saw 1 of its levels.

Inventory:

Hand Weapons
 a - a +1 dagger (weapon)
Missiles
 e - 19 arrows
Armour
 b - a +0 robe (worn)
Books
 c - a book of Maledictions

   Spells                             Type                      Level
   a - Corona                         Hexes                        1
   b - Ensorcelled Hibernation        Hexes/Ice                    2
   c - Confuse                        Hexes                        3
   d - Tukima's Dance                 Hexes                        3
   e - Dazzling Spray                 Conjuration/Hexes            3
Comestibles
 d - a ration


   Skills:
 + Level 0.0 Fighting
 + Level 2.3 Short Blades
 + Level 0.0 Long Blades
 + Level 0.0 Axes
 + Level 0.0 Maces & Flails
 + Level 0.0 Polearms
 + Level 0.0 Staves
 + Level 0.0 Slings
 + Level 0.0 Bows
 + Level 0.0 Crossbows
 + Level 0.0 Throwing
 + Level 0.0 Armour
 + Level 4.4 Dodging
 + Level 5.8 Stealth
 + Level 0.0 Shields
 + Level 0.0 Unarmed Combat
 + Level 4.8 Spellcasting
 + Level 0.0 Conjurations
 + Level 5.3 Hexes
 + Level 0.0 Charms
 + Level 0.0 Summonings
 + Level 0.0 Necromancy
 + Level 0.0 Translocations
 + Level 0.0 Transmutations
 + Level 0.0 Fire Magic
 + Level 0.0 Ice Magic
 + Level 0.0 Air Magic
 + Level 0.0 Earth Magic
 + Level 0.0 Poison Magic
 + Level 0.0 Invocations
 + Level 0.0 Evocations


You had 8 spell levels left.
You knew the following spells:

 Your Spells              Type           Power        Failure   Level  Hunger
a - Corona                Hex            ###....      1%          1    None


Dungeon Overview and Level Annotations

Branches:
Dungeon (1/15)

Altars:


Innate Abilities, Weirdness & Mutations

Your experience applies equally to all skills.
You have very sharp teeth.
Your uncanny sense of smell can sniff out nearby items.


Message History

Welcome, tidbits the Gnoll Enchanter.
The bosom of this dungeon contains the fabled artefact, the Orb of Zot.
Press ? for a list of commands and other information.
Found 19 arrows.
Found a staircase leading out of the dungeon.
A hobgoblin comes into view.
Found a spear and a dagger.
You see here 19 arrows.
e - 19 arrows Adjust (i)tems, (s)pells, or (a)bilities?
Adjust which spell? o - Corona Adjust to which letter? a - Corona
Casting: Corona
Confirm with . or Enter, or press ? or * to list all spells.
Aiming: Corona
Press: ? - help, Shift-Dir - straight line, f - hobgoblin
Aim: a hobgoblin (resting, chance to defeat MR: 77%)
The hobgoblin shouts!
The hobgoblin is outlined in light.
A giant cockroach comes into view.
Found a scroll labeled EGU RESUEJA.
Unknown command.
The hobgoblin barely misses you.
You hit the hobgoblin but do no damage.
A bat comes into view.
You hit the hobgoblin.
The hobgoblin is heavily wounded.
The hobgoblin closely misses you. The giant cockroach barely misses you.
You hit the hobgoblin.
The hobgoblin is severely wounded.
The hobgoblin hits you but does no damage.
The giant cockroach bites you but does no damage.
You hit the hobgoblin but do no damage.
The hobgoblin is severely wounded.
The bat barely misses you. The hobgoblin closely misses you.
The giant cockroach closely misses you.
You barely miss the hobgoblin. Your bite misses the hobgoblin.
The hobgoblin is severely wounded.
The bat hits you but does no damage. The giant cockroach bites you.
The hobgoblin barely misses you. The bat misses you.
You completely miss the hobgoblin.
The hobgoblin is severely wounded.
The bat barely misses you. The giant cockroach closely misses you.
The hobgoblin hits you but does no damage.
You barely miss the hobgoblin.
The hobgoblin is severely wounded.
The bat closely misses you.
The giant cockroach bites you but does no damage.
The hobgoblin hits you. The bat misses you.
A dart slug comes into view.
You hit the hobgoblin.
You kill the hobgoblin!
The bat hits you but does no damage.
The giant cockroach bites you but does no damage.
Casting: Corona
Confirm with . or Enter, or press ? or * to list all spells.
Aiming: Corona
Press: ? - help, Shift-Dir - straight line, f - bat
Aim: a bat (chance to defeat MR: 77%)
The bat barely resists.
The bat hits you. The bat barely misses you. The giant cockroach misses you.
The giant cockroach bites you but does no damage.
Casting: Corona
Confirm with . or Enter, or press ? or * to list all spells.
Aiming: Corona
Press: ? - help, Shift-Dir - straight line, f/p - bat
Aim: a bat (chance to defeat MR: 77%)
The bat is outlined in light.
The bat hits you but does no damage. The giant cockroach barely misses you.
You hit the bat.
The bat is moderately wounded.
The bat barely misses you. The bat hits you.
The giant cockroach barely misses you.
You hit the bat.
The bat is severely wounded.
The bat misses you. The dart slug barely misses you.
The giant cockroach barely misses you.
You closely miss the bat.
The bat is severely wounded.
The bat barely misses you. The giant cockroach bites you.
* * * LOW HITPOINT WARNING * * *
The dart slug closely misses you.
A giant cockroach comes into view.
Are you sure you want to abandon this character and quit the game? (Confirm with "yes".)

..... .# #....
..##.### ###).. #
... ..? .. #.#...#.
#.##.## ..#
#.....###.#...##
...##...).##........
...............b..#
......#.......#.##
#....###....@.#
#...#...sw#
#.<.#.......#
#.........###..#
#..#...#..# #.# #.
#...#..# .# #
##.##..# s ∆ #.#....
.# .#.∆ ..


You could see a dart slug, 2 giant cockroaches and a bat.

Vanquished Creatures
  A hobgoblin (D:1)
1 creature vanquished.

Notes
Turn   | Place    | Note
-------+----------+-------------------------------------------
     0 | D:1      | tidbits the Gnoll Enchanter began the quest for the Orb.
     0 | D:1      | Reached XP level 1. HP: 13/13 MP: 6/6
    21 | D:1      | Quit the game

Action                   || total
-------------------------++-------
Melee: Dagger            ||    11
 Cast: Corona            ||     3
Armor: Robe              ||     9
Dodge: Dodged            ||    22

Table legend:
 A = Turns spent in this place as a percentage of turns spent in the entire game.
 B = Non-inter-level travel turns spent in this place as a percentage of non-inter-level travel turns spent in the entire game.
 C = Inter-level travel turns spent in this place as a percentage of turns spent in this place.
 D = Turns resting spent in this place as a percentage of non-inter-level travel turns spent in this place.
 E = Turns spent auto-exploring this place as a percentage of non-inter-level travel turns spent in this place.
 F = Non-inter-level travel turns spent in this place divided by the number of levels of this place that you've seen.
                   A       B       C       D       E      F
               +-------+-------+-------+-------+-------+----------------------
         Total | 100.0 | 100.0 |   0.0 |   0.0 |   0.0 |  21.0
       Dungeon | 100.0 | 100.0 |   0.0 |   0.0 |   0.0 |  21.0
               +-------+-------+-------+-------+-------+----------------------

Table legend:
 A = Kills in this place as a percentage of kills in entire the game.
 B = Kills by you in this place as a percentage of kills by you in the entire game.
 C = Kills by friends in this place as a percentage of kills by friends in the entire game.
 D = Other kills in this place as a percentage of other kills in the entire game.
 E = Experience gained in this place as a percentage of experience gained in the entire game.
 F = Experience gained in this place divided by the number of levels of this place that you have seen.
                   A       B       C       D       E      F
               +-------+-------+-------+-------+-------+----------------------
         Total | 100.0 | 100.0 |   N/A |   N/A | 100.0 |   2.0
       Dungeon | 100.0 | 100.0 |   N/A |   N/A | 100.0 |   2.0
               +-------+-------+-------+-------+-------+----------------------

Vault maps used:
D:1:      erik_arrival_blinker_ship
